 Dungeon Crawl Stone Soup version 0.24.0-37-gcf1ca852f1 (webtiles) character file.

Game seed: 11512535683610255570, levelgen mode: deterministic

1027 sankara the Cleaver (level 8, -2/64 HPs)
             Began as a Hill Orc Fighter on Dec 4, 2019.
             Was a Follower of Makhleb.
             Slain by a sky beast (6 damage)
             ... on level 5 of the Dungeon.
             The game lasted 00:08:38 (4701 turns).

sankara the Cleaver (Hill Orc Fighter)              Turns: 4701, Time: 00:08:39

Health: -2/64      AC:  6    Str: 21    XL:     8   Next: 23%
Magic:  8/8        EV:  8    Int:  8    God:    Makhleb [*.....]
Gold:   208        SH: 10    Dex: 10    Spells: 7/7 levels left

rFire    . . .     SeeInvis .   a - +0 war axe
rCold    + . .     Gourm    .   c - +0 shield
rNeg     . . .     Faith    .   b - +0 scale mail
rPois    .         Spirit   .   (no helmet)
rElec    .         Reflect  .   (no cloak)
rCorr    .         Harm     .   (no gloves)
MR       .....                  (no boots)
Stlth    ..........             (no amulet)
HPRegen  0.20/turn              r - ring of protection from cold
MPRegen  0.11/turn              (no ring)

@: no status effects
A: no striking features
a: Renounce Religion


You were on level 5 of the Dungeon.
You worshipped Makhleb.
Makhleb was aware of your devotion.
You were not hungry.

You visited 2 branches of the dungeon, and saw 6 of its levels.

You collected 208 gold pieces.

Inventory:

Hand Weapons
 a - a +0 war axe (weapon)
Missiles
 p - 10 poisoned darts (quivered)
 y - 2 throwing nets
Armour
 b - a +0 scale mail (worn)
 c - a +0 shield (worn)
Jewellery
 r - a ring of protection from cold (left hand)
 v - an uncursed ring of fire
Wands
 g - a wand of clouds (5)
 o - a wand of digging (6)
Scrolls
 h - 2 scrolls of enchant armour {unknown}
 i - a scroll of fear {unknown}
 j - 2 scrolls of teleportation {unknown}
 l - 2 scrolls of identify {unknown}
 n - a scroll of magic mapping {unknown}
 s - a scroll of noise {unknown}
 w - a scroll of enchant weapon {unknown}
Potions
 d - 2 potions of might
 e - 3 potions of resistance {unknown}
 k - a potion of invisibility {unknown}
 m - 2 potions of curing {unknown}
 q - 2 potions of haste {unknown}
 t - a potion of lignification {unknown}
 x - a potion of flight {unknown}
 z - a potion of ambrosia
 A - a potion of degeneration {unknown}
Comestibles
 f - 7 rations


   Skills:
 - Level 3.6 Fighting
 * Level 10.2 Axes
 - Level 3.2 Armour
 + Level 6.7 Shields


You had 7 spell levels left.
You didn't know any spells.
Your spell library was empty.

Dungeon Overview and Level Annotations

Branches:
Dungeon (5/15)             Temple (1/1) D:4

Altars:
Ashenzari
Cheibriados
Dithmenos
Elyvilon
Fedhas
Gozag
Hepliaklqana
Kikubaaqudgha
Makhleb
Nemelex Xobeh
Okawaru
Qazlal
Ru
Sif Muna
Trog
Uskayaw
Vehumet
Wu Jian
Xom
Yredelemnul
Zin
The Shining One


Message History

You closely miss something. Something hits you but does no damage.
You completely miss something. Something hits you but does no damage.
Your scale mail prevents you from hitting something.
Something hits you but does no damage.
You closely miss something. Something hits you. Something shocks you.
You slash something! Something hits you but does no damage.
You miss something. Something hits you.
* * * LOW HITPOINT WARNING * * *
Something shocks you.
* * * LOW HITPOINT WARNING * * *
You hit something. Something hits you.
* * * LOW HITPOINT WARNING * * *
Something shocks you.
* * * LOW HITPOINT WARNING * * *
You hit something. Something hits you but does no damage.
You miss something. Something hits you but does no damage.
You closely miss something. Something hits you.
* * * LOW HITPOINT WARNING * * *
Something shocks you.
You die...

############## .......
.....## ## #######
#%...# .. ...# #....#
##.#.#
##.#######....###$._..#
##............?.@{#
..............##........
...............?.#.##...
..............##.#.# .
......<.............
.#............#..# ##
..............#..#
##.................
......#####...#...#


There were no monsters in sight!

Vanquished Creatures
  A phantom (D:4)
  3 ogres
  3 hounds (D:4)
  A centaur skeleton (D:2)
  4 gnoll shamans (D:4)
  2 worker ants (D:4)
  29 gnolls
  4 adders (D:2)
  An ooze (D:2)
  2 dart slugs
  A leopard gecko (D:4)
  An orc (D:4)
  6 bats
  A giant cockroach (D:2)
  6 goblins
  7 hobgoblins
  24 jackals
  A quokka (D:2)
  2 frilled lizards
  6 kobolds
  A leopard gecko skeleton (D:4)
  8 rats
114 creatures vanquished.

Notes
Turn   | Place    | Note
-------+----------+-------------------------------------------
     0 | D:1      | sankara the Hill Orc Fighter began the quest for the Orb.
     0 | D:1      | Reached XP level 1. HP: 19/19 MP: 1/1
   270 | D:1      | Reached skill level 3 in Axes
   325 | D:1      | Reached XP level 2. HP: 24/26 MP: 2/2
   698 | D:1      | Reached skill level 4 in Axes
   934 | D:2      | Reached XP level 3. HP: 24/31 MP: 3/3
  1123 | D:2      | Reached skill level 5 in Axes
  1123 | D:2      | Reached XP level 4. HP: 37/39 MP: 4/4
  1359 | D:2      | Noticed an ogre
  1369 | D:2      | Killed an ogre
  1369 | D:2      | Reached skill level 6 in Axes
  1369 | D:2      | Reached XP level 5. HP: 32/45 MP: 5/5
  2322 | D:4      | Reached XP level 6. HP: 41/51 MP: 6/6
  2330 | D:4      | Reached skill level 7 in Axes
  2565 | D:4      | Reached skill level 5 in Shields
  3040 | D:4      | Reached skill level 8 in Axes
  3040 | D:4      | Reached XP level 7. HP: 40/57 MP: 7/7
  3044 | D:4      | Found a staircase to the Ecumenical Temple.
  3053 | Temple   | Entered the Ecumenical Temple
  3157 | Temple   | Became a worshipper of Makhleb the Destroyer
  4036 | D:4      | Reached skill level 9 in Axes
  4233 | D:4      | Reached * piety under Makhleb
  4346 | D:4      | Reached XP level 8. HP: 53/64 MP: 8/8
  4462 | D:4      | Reached skill level 10 in Axes
  4647 | D:5      | Entered Level 5 of the Dungeon
  4675 | D:5      | Found a radiant altar of Vehumet.
  4701 | D:5      | Slain by a sky beast

Levels and vault maps discovered:
D:1:      sevenhm_arrival_forest_fort_large_4, layout_basic, st_stairs_8
D:2:      layout_basic, cheibrodos_gnoll_hut
D:3:      layout_basic, first_ration, uniq_terence
D:4:      lemuel_castle_with_subvaults [lemuel_castle_interior_carwin_2],
          layout_basic, minmay_temple_entry_glass
D:5:      layout_basic, lemuel_crystal_altar, serial_shops, shop
Temple:   kilobyte_greek_temple

Skill      XL: |  1  2  3  4  5  6  7  8 |
---------------+-------------------------+-----
Axes           | 3 4 5 6 8 9 10 | 10.2
Shields        | 4 5 6 |  6.7
Fighting       | |  3.6
Armour         | |  3.2

Action                   |  1- 3 |  4- 6 |  7- 9 || total
-------------------------+-------+-------+-------++-------
Melee: War axe           |    73 |   131 |   207 ||   411
  Eat: Chunk             |     1 |     6 |     6 ||    13
Armor: Scale mail        |    37 |    60 |    57 ||   154
Dodge: Dodged            |    19 |    48 |    42 ||   109
Block: Shield            |    40 |    63 |   101 ||   204
